 Dungeon Crawl Stone Soup version 0.25-a0-781-gc44aebf4fe (webtiles) character file.

Game seed: 1350745349156793889, levelgen mode: deterministic

53 MirrMurr the Sneak (level 3, -3/16 HPs)
             Began as a Spriggan Enchanter on Apr 15, 2020.
             Slain by a leopard gecko (5 damage)
             ... on level 1 of the Dungeon.
             The game lasted 00:02:57 (1156 turns).

MirrMurr the Sneak (Spriggan Enchanter)             Turns: 1156, Time: 00:02:58

Health: -3/16      AC:  2    Str:  5    XL:     3   Next: 62%
Magic:  2/8        EV: 18    Int: 16    God:
Gold:   65         SH:  0    Dex: 16    Spells: 1/7 levels left

rFire    . . .     SeeInvis +   a - +1 dagger
rCold    . . .     Gourm    .   (shield restricted)
rNeg     . . .     Faith    .   b - +0 robe
rPois    .         Spirit   .   (helmet restricted)
rElec    .         Reflect  .   (no cloak)
rCorr    .         Harm     .   (gloves unavailable)
MR       .....                  (boots unavailable)
Stlth    +++.......             (no amulet)
HPRegen  0.05/turn              (no ring)
MPRegen  0.11/turn              (no ring)

@: very quick
A: very small, unfitting armour, see invisible, herbivore, speed 3, slow
metabolism 2
a: no special abilities


You were on level 1 of the Dungeon.
You were not hungry.

You visited 1 branch of the dungeon, and saw 2 of its levels.

You collected 65 gold pieces.

Inventory:

Hand Weapons
 a - a +1 dagger (weapon)
Missiles
 f - 12 stones (quivered)
Armour
 b - a +0 robe (worn)
Scrolls
 d - a scroll of fog {unknown}
 e - a scroll of noise {unknown}
 g - a scroll of identify {unknown}
Potions
 h - a potion of magic {unknown}
 i - 2 potions of resistance {unknown}
Comestibles
 c - 2 rations


   Skills:
 + Level 2.8 Short Blades
 - Level 3.0 Dodging
 + Level 5.9 Stealth
 - Level 2.6 Spellcasting
 - Level 3.6 Hexes


You had one spell level left.
You knew the following spells:

 Your Spells              Type           Power        Failure   Level  Hunger
a - Ensorcelled Hibernat  Hex/Ice        #.....       14%         2    ##.....
b - Confusing Touch       Hex            ##......     13%         3    ###....
C - Corona                Hex            ##.....      4%          1    #......

Your spell library contained the following spells:

 Spells                   Type           Power        Failure   Level  Hunger
 Tukima's Dance           Hex            ##......     13%         3    ###....
 Dazzling Flash           Conj/Hex       #.....       28%         3    ###....


Dungeon Overview and Level Annotations

Branches:
Dungeon (2/15)

Altars:
Xom


Innate Abilities, Weirdness & Mutations

You are very small and have problems with some larger weapons.
You are too small for most types of armour.
You have supernaturally acute eyesight. (SInv)
You are a herbivore.
You cover ground extremely quickly.
You need to consume almost no food.


Message History

Aim: a leopard gecko (chance to defeat MR: 56%)
The leopard gecko resists with significant effort.
The leopard gecko misses you.
Casting: Ensorcelled Hibernation (safe; 14% risk of failure)
Confirm with . or Enter, or press ? or * to list all spells.
Aiming: Ensorcelled Hibernation (safe; 14% risk of failure)
Press: ? - help, Shift-Dir - straight line, f/p - leopard gecko
Aim: a leopard gecko (chance to defeat MR: 56%)
The leopard gecko resists with significant effort.
The leopard gecko closely misses you.
Your magical contamination has completely faded away.
Casting: Ensorcelled Hibernation (safe; 14% risk of failure)
Confirm with . or Enter, or press ? or * to list all spells.
Aiming: Ensorcelled Hibernation (safe; 14% risk of failure)
Press: ? - help, Shift-Dir - straight line, f/p - leopard gecko
Aim: a leopard gecko (chance to defeat MR: 56%)
The leopard gecko resists with significant effort.
The leopard gecko bites you but does no damage.
The leopard gecko bites you.
You die...

#### #≈...♣♣ #.# #.#
#.# ...# #≈..♣♣ #.#
#.# #.# ...####'##
#h# ##.## #.#
##.##.#.# #.#
#####...####.##.
##r##...######.#
#.....r.........
##..h..........#
#.###..l####.###
........######## #.#
##........l.
##hg..#.##########.#
#######.###
.hg.h.g.........@l.#
#.#..
##.####.############
#.#.# #.# #...
######.#.# #.# #####
.......#.# ..#
.........# #.#
########># #.. #.#
### #.# ####.#


You could see a leopard gecko.

Vanquished Creatures
  2 adders (D:2)
  An ooze (D:2)
  3 worms (D:2)
  A leopard gecko (D:2)
  A giant cockroach (D:2)
  A hobgoblin (D:2)
  A quokka (D:2)
  3 bats
  4 frilled lizards
  5 kobolds
  5 rats
27 creatures vanquished.

Notes
Turn   | Place    | Note
-------+----------+-------------------------------------------
     0 | D:1      | MirrMurr the Spriggan Enchanter began the quest for the
                  | Orb.
     0 | D:1      | Reached XP level 1. HP: 9/9 MP: 5/5
   156 | D:1      | Found a shimmering altar of Xom.
   449 | D:2      | Reached XP level 2. HP: 11/13 MP: 6/6
   458 | D:2      | Learned a level 2 spell: Ensorcelled Hibernation
   483 | D:2      | Reached skill level 5 in Stealth
   531 | D:2      | Reached XP level 3. HP: 12/16 MP: 8/8
   545 | D:2      | Learned a level 3 spell: Confusing Touch
  1156 | D:1      | Slain by a leopard gecko

Levels and vault maps discovered:
D:1:      tarquinn_simple_flora_water_c, layout_loops_ring, xom_teletrap_fun
D:2:      layout_basic, first_ration, serial_bayou_pond_d, moated_statue,
          makhleb_blood_cavern_becter

Skill      XL: |  1  2 |
---------------+-------+-----
Stealth        | 5 |  5.9
Short Blades   | 2 |  2.8
Dodging        | |  3.0
Spellcasting   | |  2.6
Hexes          | |  3.6

Action                   || total
-------------------------++-------
Melee: Dagger            ||   103
 Cast: Ensorcelled Hiber ||     7
 Stab: Sleeping          ||    16
Armor: Robe              ||    11
Dodge: Dodged            ||    84

Table legend:
 A = Non-vault XP
 B = Vault XP
 C = Vault XP percentage of total XP
 D = Non-vault monster count
 E = Vault monster count
 F = Vault count percentage of total count
                 A         B        C        D         E       F
            +---------+---------+-------+---------+---------+-------
      Total |      76 |       0 |   0.0 |      27 |       0 |   0.0
            +---------+---------+-------+---------+---------+-------
        D:1 |       5 |       0 |   0.0 |       4 |       0 |   0.0
        D:2 |      71 |       0 |   0.0 |      23 |       0 |   0.0
            +---------+---------+-------+---------+---------+-------
